 Dungeon Crawl Stone Soup version 0.29.0-4-gdea44cf6ec (webtiles) character file.

Game seed: 5462204322288028361

26 qw the Ruffian (level 3, 0/28 HPs)
             Began as a Ghoul Fire Elementalist on Aug 30, 2022.
             Killed from afar by Natasha (2 damage)
             ... with a magic dart
             ... on level 3 of the Dungeon.
             The game lasted 00:01:11 (2846 turns).

qw the Ruffian (Ghoul Fire Elementalist)            Turns: 2846, Time: 00:01:12

Health: 0/28       AC:  9    Str: 13    XL:     3   Next: 8%
Magic:  4/4        EV:  5    Int: 10    God:
Gold:   1065       SH:  0    Dex:  9    Spells: 4/5 levels left

rFire   . . .      SeeInvis .     - Unarmed
rCold   + . .      Faith    .   (no shield)
rNeg    + + +      Spirit   .   f - +0 chain mail
rPois   inf        Reflect  .   (no helmet)
rElec   .          Harm     .   g - +0 cloak
rCorr   .          Rampage  .   (no gloves)
Will    .....                   (no boots)
Stlth   ..........              (no amulet)
HPRegen 0.00/turn               (no ring)
MPRegen 0.09/turn               (no ring)

@: inhibited regen
A: claws 1, cold resistance 1, negative energy resistance 3, inhibited
regeneration, torment resistance 2, devour on kill
a: no special abilities


You were on level 3 of the Dungeon.
You visited 1 branch of the dungeon, and saw 3 of its levels.

You collected 1065 gold pieces.


Innate Abilities, Weirdness & Mutations

You are immune to poison.
You have sharp fingernails.
Your flesh is cold resistant. (rC+)
You are immune to negative energy. (rN+++)
You do not regenerate when monsters are visible.
You are immune to unholy pain and torment.
You thrive by killing the living.


   Skills:
 - Level 1.0 Fighting
 - Level 1.7 Dodging
 - Level 2.1 Stealth
 + Level 2.5 Unarmed Combat
 - Level 1.7 Spellcasting
 - Level 0.7 Conjurations
 - Level 2.4 Fire Magic


You had 4 spell levels left.
You knew the following spells:

 Your Spells              Type           Power      Damage    Failure   Level
a - Foxfire               Conj/Fire      16%        2x1d4     99%         1

Your spell library contained the following spells:

 Spells                   Type           Power      Damage    Failure   Level
 Scorch                   Fire           10%        2d6       100%        2
 Conjure Flame            Conj/Fire      4%         6-21      100%        3
 Inner Flame              Hex/Fire       3%         N/A       100%        3
 Flame Wave               Conj/Fire      4%         2d5       100%        4

Inventory:

Missiles
 b - 4 silver javelins (quivered)
Armour
 c - a +3 ring mail of fire resistance
 f - a +0 chain mail (worn)
 g - a +0 cloak (worn)
Potions
 d - a potion of brilliance {unknown}
 h - a potion of curing

Dungeon Overview and Level Annotations

Branches:
Dungeon (3/15)

Altars:

Shops:
D:2 (=(

Annotations:
D:3 Natasha


Message History

Where to? (* - list waypoints, Enter - D:2, ? - help)
What level of the Dungeon? (default 1, ? - help)
There is an open door here.
There is an open door here.
There is a stone staircase leading down here.
You climb downwards.
There is a stone staircase leading up here.
There is a stone staircase leading down here.
You climb downwards.
Found an escape hatch in the ceiling.
There is a stone staircase leading up here.
Existing waypoints: (1) D:2 (2) D:1 Assign waypoint to what number? (0-9, D - delete waypoint) Waypoint 1 re-assigned from D:2 to D:3.
Found a stone staircase leading down.
Natasha and a frilled lizard come into view.
Natasha hisses angrily.
The frilled lizard hisses angrily.
Natasha claws you.
You barely miss Natasha. You claw Natasha, but do no damage. Natasha claws you.
You closely miss Natasha. You closely miss Natasha.
Natasha casts a spell at you. You resist with significant effort.
You barely miss Natasha.
Natasha stares at you and mumbles some strange words.
You resist with significant effort.
You scratch Natasha but do no damage. Natasha claws you!
You closely miss Natasha. Natasha claws you!
You scratch Natasha. You claw Natasha.
Natasha is severely wounded.
Natasha claws you.
You scratch Natasha. Your claw misses Natasha.
Natasha is severely wounded.
Natasha casts a spell at you. The magic dart hits you.
You die...

#.##.....#
#<.......#
#..<.....#
......##.....#
##### ###..##
#>.###.####
#..........
##.####....
#.@hl.....
######.###


You could see Natasha and a frilled lizard.

Vanquished Creatures
  2 dart slugs (D:1)
  A ball python (D:1)
  2 bats (D:2)
  2 endoplasms
  A giant cockroach (D:2)
  4 goblins
  A hobgoblin (D:1)
  2 quokkas (D:1)
  2 kobolds
  A rat (D:1)
18 creatures vanquished.

Notes
Turn   | Place    | Note
-------+----------+-------------------------------------------
     0 | D:1      | qw the Ghoul Fire Elementalist began the quest for the Orb.
     0 | D:1      | Reached XP level 1. HP: 14/14 MP: 2/2
     0 | D:1      | 0 ||| qw: Version: 0.1-a-90-g952f4b7
     0 | D:1      | 0 ||| qw: Game counter: 4341
     0 | D:1      | 0 ||| qw: Always use a shield: true
     0 | D:1      | 0 ||| qw: God list: Okawaru
     0 | D:1      | 0 ||| qw: Allow faded altars: false
     0 | D:1      | 0 ||| qw: Do Orc after D:15 true
     0 | D:1      | 0 ||| qw: Do second Lair branch before Depths: true
     0 | D:1      | 0 ||| qw: Lair rune preference: random
     0 | D:1      | 0 ||| qw: Plans: Normal
     0 | D:1      | 0 ||| PLANNING D:1-11
   229 | D:1      | Reached skill level 1 in Unarmed Combat
   443 | D:1      | 443 ||| Stepping ~*~*~tactically~*~*~ (hiding).
   545 | D:1      | 545 ||| Stepping ~*~*~tactically~*~*~ (hiding).
   647 | D:1      | 647 ||| Stepping ~*~*~tactically~*~*~ (hiding).
   649 | D:1      | 649 ||| Stepping ~*~*~tactically~*~*~ (hiding).
   658 | D:1      | Reached XP level 2. HP: 12/22 MP: 3/3
   811 | D:1      | Reached skill level 1 in Fighting
   845 | D:1      | 845 ||| Stepping ~*~*~tactically~*~*~ (hiding).
  1954 | D:1      | 1954 ||| UPGRADING to +3 ring mail of fire resistance.
  1964 | D:1      | 1964 ||| DROPPING +0 robe.
  1965 | D:1      | 1965 ||| UPGRADING to +0 chain mail.
  1975 | D:1      | 1975 ||| UPGRADING to +0 cloak.
  1980 | D:1      | 1980 ||| READING scroll labelled NILAOP LENAR.
  1981 | D:1      | 1981 ||| READING scroll labelled ZOEVEZ PUGUST.
  2082 | D:1      | 2082 ||| READING 2 scrolls labelled IBEFEG VIGOSYJ.
  2083 | D:1      | 2083 ||| DROPPING potion of magic.
  2084 | D:1      | 2084 ||| DROPPING scroll of immolation.
  2117 | D:2      | Found a faded altar of an unknown god.
  2212 | D:2      | Found Mahur's Weapon Shop.
  2240 | D:2      | Found Qyitsuot's Weapon Emporium.
  2287 | D:2      | Found Fuos's Jewellery Shoppe.
  2301 | D:2      | 2301 ||| SHOPLISTING amulet "Codig" {RegenMP Fragile rC++
                  | Str+2 Slay+3} (657 gold, have 105).
  2301 | D:2      | 2301 ||| SHOPLISTING amulet of guardian spirit (300 gold,
                  | have 105).
  2301 | D:2      | 2301 ||| SHOPLISTING amulet of reflection (300 gold, have
                  | 105).
  2301 | D:2      | 2301 ||| SHOPLISTING ring "Seup" {+Blink rN++ MP+9 Str+6
                  | Int-3} (731 gold, have 105).
  2301 | D:2      | 2301 ||| SHOPLISTING ring of protection from fire (250
                  | gold, have 105).
  2301 | D:2      | 2301 ||| SHOPLISTING ring of see invisible (150 gold, have
                  | 105).
  2383 | D:2      | Reached XP level 3. HP: 24/28 MP: 4/4
  2732 | D:2      | 2732 ||| READING 2 scrolls labelled UZIERR XUSISYRCHUK.
  2737 | D:2      | 2737 ||| READING scroll labelled GIETSA UMMEUKE.
  2738 | D:2      | 2738 ||| READING scroll labelled SUPTI DUKKOBIH.
  2738 | D:2      | Identified a scroll of acquirement
  2738 | D:2      | 2738 ||| ACQUIRING 912 gold pieces
  2738 | D:2      | Acquired 912 gold pieces
  2740 | D:2      | 2740 ||| DRINKING 2 bubbling coppery potions.
  2778 | D:2      | 2778 ||| READING scroll of teleportation.
  2779 | D:2      | 2779 ||| STAIRDANCE
  2837 | D:3      | Noticed Natasha
  2844 | D:3      | HP: 7/28 [Natasha (7)]
  2845 | D:3      | HP: 2/28 [Natasha (5)]
  2846 | D:3      | Killed from afar by Natasha

Levels and vault maps discovered:
D:1:      onia_arrival_pyramid, layout_basic
D:2:      layout_rooms, serial_shops, shop, shop,
          nicolae_shop_bloodbath_and_beyond,
          chequers_ecumenical_altar_simple_redux, grunt_ministairs_5,
          patterned_corridor
D:3:      layout_loops_ring, uniq_natasha

Skill      XL: |  1  2 |
---------------+-------+-----
Unarmed Combat | 1 2 |  2.5
Fighting       | 1 |  1.0
Dodging        | |  1.7
Stealth        | |  2.1
Spellcasting   | |  1.7
Conjurations   | |  0.7
Fire Magic     | |  2.4

Action                   || total
-------------------------++-------
Melee: Unarmed           ||    88
       Punch             ||     2
Throw: Javelin           ||     1
  Use: Scroll            ||     7
       Potion            ||     1
Armor: Robe              ||     8
       Chain mail        ||     9
Dodge: Dodged            ||    32

Table legend:
 A = Non-vault XP
 B = Vault XP
 C = Vault XP percentage of total XP
 D = Non-vault monster count
 E = Vault monster count
 F = Vault count percentage of total count
                 A         B        C        D         E       F
            +---------+---------+-------+---------+---------+-------
      Total |      34 |       4 |  10.5 |      16 |       2 |  11.1
            +---------+---------+-------+---------+---------+-------
        D:1 |      24 |       0 |   0.0 |      11 |       0 |   0.0
        D:2 |      10 |       4 |  28.6 |       5 |       2 |  28.6
            +---------+---------+-------+---------+---------+-------
